 Dungeon Crawl Stone Soup version 0.31-a0-133-gaae73658be (webtiles) character file.

Game seed: 17249243496819790171

20822 Hubris850 the Brawler (level 12, -2/95 (105) HPs)
             Began as a Troll Berserker on June 2, 2023.
             Was an Elder of Trog.
             Slain by a lindwurm (7 damage)
             ... on level 3 of the Lair of Beasts.
             The game lasted 00:29:17 (9470 turns).

Hubris850 the Brawler (Troll Berserker)             Turns: 9470, Time: 00:29:18

HP:   -2/95 (105)   AC: 13    Str: 33    XL:     12   Next: 48%
MP:   20/20         EV: 11    Int:  3    God:    Trog [****..]
Gold: 797           SH:  0    Dex: 13    Spells: 11/11 levels left

rFire   . . .        y - +0 dire flail
rCold   . . .        (shield currently unavailable)
rNeg    . . .        x - +3 robe "Ufuum" {MP+9 Str+5}
rPois   +            s - +1 hat
rElec   .            d - +0 cloak
rCorr   .            (gloves unavailable)
SInv    .            (boots unavailable)
Will    .....        (no amulet)
Stlth   +            r - ring of poison resistance
HPRegen 1.15/turn    o - +4 ring of protection
MPRegen 0.17/turn

%: no passive effects
@: drained
A: large, unfitting armour, claws 3, regeneration 1, shaggy fur 1, tough skin 1
a: Renounce Religion, Berserk, Trog's Hand, Brothers in Arms


You were on level 3 of the Lair of Beasts.
You worshipped Trog.
Trog was greatly pleased with you.
You visited 2 branches of the dungeon, and saw 13 of its levels.

You collected 797 gold pieces.

Inventory:

Hand Weapons
 w - a +2 antimagic triple sword
 y - a +0 dire flail (weapon)
 z - a +5 great sword
Missiles
 g - 11 boomerangs (quivered)
 i - 3 javelins
 j - a large rock
 m - 24 poisoned darts
 H - a curare-tipped dart
Armour
 d - a +0 cloak (worn)
 s - a +1 hat (worn)
 x - the +3 robe "Ufuum" (worn) {MP+9 Str+5}
   (You found it on level 5 of the Dungeon)

   Str:       It affects your strength (+5).
   MP:        It affects your magic capacity (+9).
Jewellery
 o - a +4 ring of protection (right claw)
 r - a ring of poison resistance (left claw)
 M - a ring of see invisible
Wands
 c - a wand of mindburst (9)
 n - a wand of polymorph (4)
Scrolls
 f - 8 scrolls of teleportation
 q - a scroll of fear
 u - a scroll of magic mapping
Potions
 a - a potion of magic
 b - a potion of mutation
 e - a potion of experience {unknown}
 h - 5 potions of ambrosia
 k - a potion of cancellation
 l - 6 potions of curing
 t - a potion of heal wounds
 B - a potion of invisibility
 C - 2 potions of attraction {unknown}
 I - a potion of might {unknown}
Miscellaneous
 p - a lightning rod (4/4)
 v - a phantom mirror
 L - a piece from Xom's chessboard (15/15)


   Skills:
 - Level 3.0 Fighting
 + Level 11.1 Throwing
 - Level 3.5 Dodging
 * Level 16.8 Unarmed Combat


You had 11 spell levels left.
You didn't know any spells.
Your spell library was empty.

Dungeon Overview and Level Annotations

Branches:
Dungeon (9/15)             Temple (0/1) D:7            Lair (4/5) D:8
  Swamp (0/4) Lair:2       Spider (0/4) Lair:2
  Slime: Lair:4-5       Orc: D:9-12

Altars:
Ashenzari
Cheibriados
Dithmenos
Elyvilon
Fedhas
Gozag
Hepliaklqana
Makhleb
Nemelex Xobeh
Okawaru
Trog
Uskayaw
Wu Jian
Xom
Yredelemnul

Shops:
D:8 [

Annotations:
Lair:2 exclusion: oklob plant


Innate Abilities, Weirdness & Mutations

You are too large for most types of armour.
You have claws for hands.
Your natural rate of healing is unusually fast.
You are covered in fur. (AC +1)
You have tough skin. (AC +1)


Message History

The komodo dragon bites you!! The hell rat bites you!
You feel drained. The hell rat bites you.
You feel drained.
Unknown command.
The komodo dragon hisses angrily.
The hell rat bites you!
You feel drained. The hell rat closely misses you.
The lindwurm breathes flames at you. The blast of flame hits you!
* * * LOW HITPOINT WARNING * * *
The blast of flame hits the hell rat!
The komodo dragon barely misses you. The hell rat misses you.
You climb upwards.
There is a stone staircase leading down, spattered with blood here.
Unknown command.
You sock the komodo dragon!
The komodo dragon is moderately wounded.
The hell rat misses you. The hell rat closely misses you. x2
The lindwurm bites you.
* * * LOW HITPOINT WARNING * * *
The lindwurm claws you but does no damage. x2
The komodo dragon bites you but does no damage.
The hell rat barely misses you.
You barely miss the komodo dragon.
The komodo dragon is moderately wounded.
The hell rat closely misses you. The hell rat bites you!
* * * LOW HITPOINT WARNING * * *
You feel drained.
* * * LOW HITPOINT WARNING * * *
The hell rat bites you but does no damage.
The lindwurm breathes flames at you. The blast of flame hits you!
* * * LOW HITPOINT WARNING * * *
The blast of flame hits the hell rat!!
The hell rat dies!
The komodo dragon closely misses you. The hell rat closely misses you. x2
You hit the komodo dragon.
The komodo dragon is heavily wounded.
The komodo dragon bites you.
* * * LOW HITPOINT WARNING * * *
The lindwurm bites you!
You die...

#.##.....#....###...#
###.#......###........#
###.......P###.#........##
#.........#####..........#
##........# #...........##
#........## #.<.........#
..........###...........## ###
.....<.....###...r.......####.#
....÷÷÷...####..@r.†......#P..#
.........## #...lk....P......##
........## ###.......##.#####
.....#### ##.....##.## .....#
######.....#..## P#####
###..##.##.##....# ##
####.....######..#P.#
####.........###....####
#............#......#


You could see a lindwurm, a komodo dragon and 2 hell rats.

Vanquished Creatures
  4 centaur warriors (D:9)
  A two-headed ogre (D:9)
  A boulder beetle (Lair:2)
  A lindwurm (Lair:3)
  A deep elf pyromancer (D:9)
  A cane toad (Lair:1)
  A black mamba (Lair:1)
  Psyche (D:8)
  A rime drake (Lair:2)
  3 komodo dragons
  A queen bee (Lair:1)
  A polar bear (shapeshifter) (D:9)
  25 blink frogs
  A slime creature (D:9)
  A shadow (D:9)
  A wraith (D:9)
  7 wyverns
  10 yaks
  6 basilisks
  A steam dragon (D:6)
  4 water moccasins
  2 ogres
  An orc warrior (D:8)
  A sky beast (D:6)
  2 black bears
  7 wolves (Lair:1)
  2 centaurs
  A phantom (D:5)
  A kobold brigand (D:9)
  4 bullfrogs
  2 scorpions
  11 wights
  32 killer bees
  2 howler monkeys (D:8)
  A jelly (D:8)
  2 orc priests (D:4)
  4 hounds
  3 sleepcaps
  Jessica (D:3)
  5 iguanas
  An orc wizard (D:6)
  Natasha (thrice) (D:4)
  A hell rat (Lair:4)
  10 adders
  2 shadow imps (D:6)
  A white imp (D:7)
  2 ufetubi (D:5)
  2 worms (Lair:2)
  4 dart slugs
  17 orcs
  8 ball pythons
  8 endoplasms
  10 giant cockroaches
  11 goblins
  3 hobgoblins
  12 kobolds
  2 quokkas
  5 bats
  2 frilled lizards (D:1)
  5 rats
266 creatures vanquished.

Vanquished Creatures (collateral kills)
  A hydra (Lair:3)
  2 killer bees (Lair:1)
3 creatures vanquished.

Vanquished Creatures (others)
  A hell rat (Lair:3)
1 creature vanquished.

Grand Total: 270 creatures vanquished

Notes
Turn   | Place    | Note
-------+----------+-------------------------------------------
     0 | D:1      | Hubris850 the Troll Berserker began the quest for the Orb.
     0 | D:1      | Reached XP level 1. HP: 22/22 MP: 0/0
   118 | D:1      | Reached XP level 2. HP: 29/29 MP: 1/1
   317 | D:1      | Reached ** piety under Trog
   318 | D:1      | Reached XP level 3. HP: 29/36 MP: 2/2
   879 | D:2      | Reached XP level 4. HP: 44/44 MP: 3/3
  1341 | D:3      | Reached skill level 1 in Throwing
  1385 | D:3      | Reached skill level 4 in Unarmed Combat
  1973 | D:3      | Reached *** piety under Trog
  1992 | D:3      | Noticed Jessica
  1995 | D:3      | Killed Jessica
  1996 | D:3      | Reached XP level 5. HP: 52/53 MP: 4/4
  2191 | D:4      | Found a blossoming altar of Fedhas.
  2292 | D:4      | Noticed Natasha
  2300 | D:4      | Reached skill level 5 in Unarmed Combat
  2300 | D:4      | Reached XP level 6. HP: 61/61 MP: 5/5
  2304 | D:4      | Killed Natasha
  2485 | D:4      | Noticed Natasha
  2489 | D:4      | Killed Natasha
  2535 | D:4      | Found a sparkling altar of Nemelex Xobeh.
  2538 | D:4      | Found an iron altar of Okawaru.
  2541 | D:4      | Found a hide-covered altar of Uskayaw.
  2567 | D:4      | Noticed Natasha
  2577 | D:4      | Killed Natasha
  2599 | D:5      | Entered Level 5 of the Dungeon
  2637 | D:5      | Reached skill level 6 in Unarmed Combat
  2637 | D:5      | Reached XP level 7. HP: 36/67 MP: 6/6
  2691 | D:5      | Identified the +3 robe "Ufuum" {MP+9 Str+5}
  2862 | D:5      | Reached skill level 7 in Unarmed Combat
  2990 | D:5      | Found a white marble altar of Elyvilon.
  3003 | D:5      | Reached XP level 8. HP: 75/75 MP: 7/7
  3265 | D:5      | Found a bloodstained altar of Trog.
  3334 | D:6      | Reached **** piety under Trog
  3346 | D:6      | Reached skill level 8 in Unarmed Combat
  3469 | D:6      | Reached skill level 5 in Throwing
  3842 | D:7      | Found a broken altar of Ashenzari.
  3956 | D:7      | Reached skill level 9 in Unarmed Combat
  3985 | D:7      | Found a staircase to the Ecumenical Temple.
  4223 | D:7      | Found an ornate altar of the Wu Jian Council.
  4495 | D:8      | Found a hazy altar of Hepliaklqana.
  4523 | D:8      | Reached XP level 9. HP: 81/81 MP: 8/8
  4536 | D:8      | Noticed a komodo dragon
  4540 | D:8      | Killed a komodo dragon
  4541 | D:8      | Reached skill level 10 in Unarmed Combat
  4586 | D:8      | Found a staircase to the Lair.
  4644 | D:8      | Found a basalt altar of Yredelemnul.
  4724 | D:8      | Found Bethuwae's Armour Shop.
  4822 | D:8      | Found a shadowy altar of Dithmenos.
  4837 | D:8      | Found a snail-covered altar of Cheibriados.
  4941 | D:8      | Noticed Psyche
  4957 | D:8      | Killed Psyche
  5174 | D:8      | Found a burning altar of Makhleb.
  5212 | D:9      | Reached skill level 11 in Unarmed Combat
  5326 | D:9      | Found a shimmering altar of Xom.
  5434 | D:9      | Found an opulent altar of Gozag.
  5551 | D:9      | Noticed a centaur warrior
  5551 | D:9      | Noticed a centaur warrior
  5562 | D:9      | Killed a centaur warrior
  5563 | D:9      | Reached skill level 12 in Unarmed Combat
  5563 | D:9      | Reached XP level 10. HP: 77/91 MP: 9/9
  5565 | D:9      | Noticed a two-headed ogre
  5574 | D:9      | Killed a two-headed ogre
  5615 | D:9      | Noticed a deep elf pyromancer
  5619 | D:9      | Killed a deep elf pyromancer
  5660 | D:9      | Noticed a centaur warrior
  5666 | D:9      | Killed a centaur warrior
  5667 | D:9      | Reached skill level 13 in Unarmed Combat
  5699 | D:9      | Killed a centaur warrior
  5764 | D:9      | Noticed a centaur warrior
  5774 | D:9      | Killed a centaur warrior
  5858 | D:9      | Reached XP level 11. HP: 57/97 MP: 10/10
  6221 | Lair:1   | Entered Level 1 of the Lair of Beasts
  6241 | Lair:1   | Reached skill level 14 in Unarmed Combat
  7450 | Lair:2   | Reached skill level 15 in Unarmed Combat
  7541 | Lair:2   | Found a sparkling altar of Nemelex Xobeh.
  7541 | Lair:2   | Noticed an oklob plant
  7656 | Lair:2   | Noticed a boulder beetle
  7675 | Lair:2   | Killed a boulder beetle
  7681 | Lair:2   | Reached skill level 10 in Throwing
  7718 | Lair:2   | Reached ***** piety under Trog
  7746 | Lair:2   | Found a hole to the Spider Nest.
  7897 | Lair:2   | Found a staircase to the Swamp.
  8231 | Lair:3   | Reached XP level 12. HP: 38/105 MP: 11/11
  8439 | Lair:3   | Reached skill level 16 in Unarmed Combat
  9085 | Lair:3   | Received a gift from Trog
  9267 | Lair:4   | Noticed an eight-headed hydra
  9275 | Lair:3   | HP: 2/105 [eight-headed hydra (9)]
  9281 | Lair:3   | Killed an eight-headed hydra
  9470 | Lair:3   | Slain by a lindwurm

Illustrated notes

Levels and vault maps discovered:
D:1:      lemuel_arrival_river_ford, layout_rooms, minivault_23
D:2:      layout_loops_ring
D:3:      layout_loops_corners, uniq_jessica
D:4:      layout_rooms, grunt_temple_overflow_diamond, lemuel_crystal_altar,
          minivault_23, minmay_misc_feat_room, uniq_natasha
D:5:      layout_rooms, elyvilon_altar_3, trog_book
D:6:      layout_basic
D:7:      layout_basic, cheibrodos_ashenzari_chains, overflow_temple_1_default,
          minmay_temple_entry_grid, serial_co_window_serial, co_window_paths_b,
          co_window_paths_b, co_window_paths_a, co_window_corner_a,
          co_window_paths_a, co_window_paths_c, co_window_of_opportunity_c,
          co_window_corner_cb, co_window_paths_d, glass_columns_b,
          glass_columns_a
D:8:      layout_cave_pools, lemuel_doored_altar,
          mainiacjoe_overflow_cross_hatched,
          riverfiend_overflow_shadow_ancestor, mainiacjoe_overflow_alcove_4,
          grunt_lair_entry_orc_guard_hut, serial_shops, shop, uniq_psyche
D:9:      layout_loops_ring, brannock_xom_greatest_gift,
          nicolae_overflow_crystal_walls, minmay_evil_grid
Lair:1:   layout_hall_layers, special_room [special_room_bee]
Lair:2:   layout_regular_city, swamp_mist, nicolae_spider_entry_non_spiders,
          lemuel_oklob_altar
Lair:3:   layout_cave_pods, nicolae_quartered_pool_impasse
Lair:4:   layout_big_grid, basic_altar, chequers_serial_rivers_micro_c

Skill      XL: |  1  2  3  4  5  6  7  8  9 10 11 12 |
---------------+-------------------------------------+-----
Fighting       | 3 |  3.0
Throwing       | 1 2 3 4 5 7 8 10 11 | 11.1
Dodging        | 3 |  3.5
Unarmed Combat | 4 5 6 7 9 12 13 15 16 | 16.8

Action                     |  1- 3 |  4- 6 |  7- 9 | 10-12 || total
---------------------------+-------+-------+-------+-------++-------
  Melee: Unarmed           |    99 |   152 |   206 |   314 ||   771
         Punch             |     3 |     3 |     8 |    17 ||    31
         Dire flail        |       |       |       |    10 ||    10
  Throw: Large rock        |       |     2 |     2 |     8 ||    12
         Javelin           |       |     2 |       |       ||     2
         Boomerang         |       |       |    16 |    95 ||   111
         Dart              |       |       |       |     2 ||     2
 Invoke: Berserk           |       |     1 |     1 |     1 ||     3
         Brothers in Arms  |       |       |       |     3 ||     3
         Trog's Hand       |       |       |       |     2 ||     2
  Evoke: Wand              |       |       |     2 |       ||     2
    Use: Scroll            |       |       |    16 |     6 ||    22
         Potion            |       |       |     1 |     3 ||     4
   Stab: Sleeping          |     3 |       |       |       ||     3
 Armour: Animal skin       |    43 |    49 |     3 |       ||    95
         Robe              |       |       |   101 |   188 ||   289
  Dodge: Dodged            |    48 |    69 |   126 |   243 ||   486

Table legend: (Time is in decaauts)
 A = Elapsed time spent in this place.
 B = Non-inter-level travel time spent in this place.
 C = Inter-level travel time spent in this place.
 D = Time resting spent in this place.
 E = Time spent auto-exploring this place.
 F = Levels seen in this place.
 G = Mean time per level.
                   A        B        C        D        E       F      G
               +--------+--------+--------+--------+--------+-----+--------+
         Total |   9341 |   8998 |    343 |    884 |   6272 |  13 |  718.5 |
       Dungeon |   6176 |   5948 |    228 |    374 |   4292 |   9 |  686.2 |
          Lair |   3164 |   3049 |    115 |    509 |   1980 |   4 |  791.0 |
               +--------+--------+--------+--------+--------+-----+--------+

Top non-repeatable levels by time:
  Lair:1: 1159 daAuts
  Lair:3: 1145 daAuts
     D:9: 999 daAuts
     D:3: 903 daAuts
  Lair:2: 845 daAuts
     D:5: 718 daAuts
     D:2: 711 daAuts
     D:7: 702 daAuts
     D:8: 700 daAuts
     D:1: 514 daAuts
     D:6: 465 daAuts
     D:4: 462 daAuts
  Lair:4: 15 daAuts
